 Dungeon Crawl Stone Soup version 0.25-a0-665-ga69d640 (webtiles) character file.

Game seed: 16423136226116685533, levelgen mode: deterministic

84044 BlueFish the Wrestler (level 15, -5/149 HPs)
             Began as a Troll Monk on Mar 25, 2020.
             Was the Champion of Wu Jian.
             Slain by an ettin
             ... wielding a +0 dire flail
              (39 damage)
             ... on level 2 of the Orcish Mines on Mar 26, 2020.
             The game lasted 01:33:57 (20066 turns).

BlueFish the Wrestler (Troll Monk)                 Turns: 20066, Time: 01:33:58

Health: -5/149     AC: 13    Str: 27    XL:     15   Next: 34%
Magic:  14/14      EV: 13    Int:  6    God:    Wu Jian [******]
Gold:   2128       SH:  0    Dex: 13    Spells: 14/14 levels left

rFire    . . .     SeeInvis +     - Unarmed
rCold    . . .     Gourm    +   (no shield)
rNeg     . . .     Faith    +   L - +0 acid dragon scales
rPois    +         Spirit   .   M - +2 hat {MR+}
rElec    .         Reflect  .   k - scarf {repulsion}
rCorr    +         Harm     .   (gloves unavailable)
MR       ++...                  (boots unavailable)
Stlth    +.........             i - amulet of faith
HPRegen  0.74/turn              m - ring of see invisible
MPRegen  0.14/turn              p - ring of poison resistance

@: confused, glowing, studying Fighting, repel missiles, heavenly storm
A: large, unfitting armour, claws 3, fast metabolism 3, gourmand, regeneration
1, shaggy fur 1, tough skin 3
a: Wall Jump, Serpent's Lash, Heavenly Storm, Renounce Religion


You were on level 2 of the Orcish Mines.
You worshipped Wu Jian.
Wu Jian was exalted by your worship.
You were completely stuffed.

You visited 4 branches of the dungeon, and saw 20 of its levels.
You also visited: Sewer, Gauntlet and Volcano.

You collected 2128 gold pieces.

Inventory:

Missiles
 o - 26 boomerangs
 W - 20 silver javelins (quivered)
Armour
 k - a scarf of repulsion (worn)
 L - +0 acid dragon scales (worn)
 M - a +2 hat of magic resistance (worn)
Jewellery
 e - an uncursed amulet of the acrobat
 i - an amulet of faith (around neck)
 j - an uncursed ring of protection from cold
 m - a ring of see invisible (left claw)
 p - a ring of poison resistance (right claw)
 t - an uncursed amulet of harm {unknown}
 z - an uncursed amulet of guardian spirit {unknown}
 E - an uncursed ring of ice
 F - an uncursed ring of stealth {unknown}
 J - an uncursed ring of protection from fire {unknown}
 K - an uncursed amulet of guardian spirit {unknown}
 N - a cursed ring of teleportation {unknown}
 R - a cursed -6 ring of strength {unknown}
 S - a +2 ring of strength {unknown}
 T - an uncursed ring of wizardry {unknown}
 Z - an uncursed ring of protection from fire {unknown}
Wands
 h - a wand of acid (12)
 r - a wand of paralysis (5)
 v - a wand of flame (75)
 G - a wand of enslavement (5)
 I - a wand of disintegration (15)
 X - a wand of polymorph (9)
Scrolls
 a - a scroll of amnesia
 l - 14 scrolls of remove curse
 s - 6 scrolls of teleportation
 w - 2 scrolls of enchant armour
 y - a scroll of fog
 B - a scroll of fear
 C - a scroll of blinking
 H - a scroll of vulnerability
 O - a scroll of summoning
Potions
 c - a potion of ambrosia
 d - 3 potions of berserk rage
 f - 4 potions of stabbing
 g - 2 potions of lignification
 n - 4 potions of mutation
 q - 6 potions of curing
 u - 4 potions of flight
 x - 3 potions of might
 A - 4 potions of brilliance
 D - a potion of haste
 Q - 2 potions of invisibility
Books
 Y - a manual of Fighting
Comestibles
 b - 38 rations


   Skills:
 * Level 9.7 Fighting
 + Level 3.7 Armour
 + Level 7.2 Dodging
 + Level 4.1 Stealth
 * Level 21.2 Unarmed Combat
 + Level 0.8 Evocations


You had 14 spell levels left.
You didn't know any spells.
Your spell library contained the following spells:

 Spells                   Type           Power        Failure   Level  Hunger
 Beastly Appendage        Tmut           #.....       52%         1    ##.....
 Corona                   Hex            #......      52%         1    ##.....
 Shock                    Conj/Air       #...         52%         1    ##.....
 Ensorcelled Hibernation  Hex/Ice        #.....       65%         2    ###....
 Shroud of Golubria       Chrm/Tloc      #.....       65%         2    ###....
 Slow                     Hex            #.......     65%         2    ###....
 Sticks to Snakes         Tmut           #.......     65%         2    ###....
 Swiftness                Chrm/Air       #.......     65%         2    ###....
 Confusing Touch          Hex            #.......     87%         3    ####...
 Dazzling Flash           Conj/Hex       #.....       87%         3    ####...
 Gell's Gravitas          Tloc           #.........   87%         3    ####...
 Inner Flame              Hex/Fire       #.......     87%         3    ####...
 Ozocubu's Armour         Chrm/Ice       #.......     87%         3    ####...
 Portal Projectile        Hex/Tloc       #.....       87%         3    ####...
 Spectral Weapon          Hex/Chrm       #.......     87%         3    ####...
 Spider Form              Tmut/Pois      #.........   87%         3    ####...
 Static Discharge         Conj/Air       #.......     87%         3    ####...
 Tukima's Dance           Hex            #.......     87%         3    ####...
 Airstrike                Air            #.........   99%         4    #####..
 Cause Fear               Hex            #.........   99%         4    #####..
 Ice Form                 Ice/Tmut       #.......     99%         4    #####..
 Leda's Liquefaction      Hex/Erth       #.........   99%         4    #####..
 Petrify                  Tmut/Erth      #.......     99%         4    #####..
 Blade Hands              Tmut           #.........   100%        5    ######.
 Excruciating Wounds      Chrm/Necr      #.........   100%        5    ######.
 Irradiate                Conj/Tmut      #.........   100%        5    ######.
 Lightning Bolt           Conj/Air       #.........   100%        5    ######.
 Metabolic Englaciation   Hex/Ice        #.........   100%        5    ######.
 Yara's Violent Unravell  Hex/Tmut       #.........   100%        5    ######.
 Deflect Missiles         Chrm/Air       #.........   100%        6    #######
 Hydra Form               Tmut           #.........   100%        6    #######
 Statue Form              Tmut/Erth      #........    100%        6    #######
 Dragon Form              Tmut           #.........   100%        7    #######


Dungeon Overview and Level Annotations

Branches:
Dungeon (11/15)            Temple (1/1) D:5            Lair (6/6) D:10
  Swamp (0/4) Lair:3        Snake (0/4) Lair:3        Slime (0/5) Lair:6
    Orc (2/2) D:11          Sewer (visited)         Volcano (visited)
Gauntlet (visited)
    Elf: Orc:2

Altars:
Ashenzari
Cheibriados
Dithmenos
Elyvilon
Fedhas
Gozag
Hepliaklqana
Kikubaaqudgha
Makhleb
Nemelex Xobeh
Okawaru
Qazlal
Ru
Sif Muna
Trog
Uskayaw
Vehumet
Wu Jian
Xom
Yredelemnul
Zin
The Shining One
Beogh
Jiyva
Lugonu

Shops:
D:4 (   D:6 :


Innate Abilities, Weirdness & Mutations

You are too large for most types of armour.
You have claws for hands.
Your metabolism is lightning-fast.
You like to eat raw meat.
Your natural rate of healing is unusually fast.
You are covered in fur. (AC +1)
You have extremely tough skin. (AC +3)


Message History

Cornered, the orc warrior turns to fight!
The orc yells at you, "GO AWAY!"; The orc warrior wails, "Help!"
An ettin comes into view.
It is wielding a +0 dire flail and a +1 dire flail of protection.
You mangle the orc warrior!!
You kill the orc warrior!
The Council accepts your kill.
An orc high priest comes into view. It is wielding a +0 long sword.
You hear a shout!
The orc knight barely misses you. The orc warrior misses you.
The orc high priest moves out of view. 4 orcs and an orc warrior come into view.
You hear a shout!
The orc knight hits you with a +0 glaive!
* * * LOW HITPOINT WARNING * * *
The orc moves out of view. x3
You're too confused to move!
You hear a shout!
The ettin barely misses you.
The ettin hits you with a +1 dire flail of protection!!!
You die...

........................
#..#######.###.###.#####
#..#.._..#.# #.# #.# #
#..#.....#.###.###.# #.
#§§#.§○☼.#.........# ..
#§§###☼###.###.###
###'##§§○§o☼§§§.# #.#
555.5§§☼○5o§§o§)# .#
###5##§§°§5C@o§.#
#☼§o§o§§§o..ooo
#§☼###§###.#### #☼§# #.#
#.# ######..###.###.####
........).[.........
........O)†÷........
.......#..))÷.#.#.#
.......o.).†)....#


You could see an orc knight, an ettin, an orc high priest, 3 orc warriors, a
white imp and an orc.

Vanquished Creatures
  Gastronok (Lair:2)
  2 orc warlords
  A minotaur (Gauntlet)
  A red draconian (Volcano)
  A hydra (D:11)
  Fannar (D:11)
  3 catoblepae (Lair:6)
  A centaur warrior (Volcano)
  12 death yaks
  7 two-headed ogres
  An orc high priest (Orc:1)
  The ghost of Heh the Fighter, a novice OpVM (D:9)
  A wizard (Gauntlet)
  An unseen horror (D:10)
  A lindwurm (Lair:3)
  9 orc knights
  3 oklob plants (Lair:2)
  4 orc sorcerers
  2 manticores (Lair:6)
  A slime creature (Lair:6)
  The ghost of wotkd0121004 the Digger, a novice OpEE of Ashenzari (D:7)
  13 elephants
  3 black mambas
  3 spiny frogs
  A molten gargoyle (Volcano)
  Maggie (Lair:2)
  4 rime drakes
  2 yaktaurs (Volcano)
  A komodo dragon (shapeshifter) (D:9)
  2 komodo dragons
  3 trolls
  A merfolk (D:10)
  A tyrant leech (Gauntlet)
  6 polar bears (Lair:3)
  10 hippogriffs
  28 blink frogs
  6 dream sheep (Lair:5)
  A shadow (D:11)
  61 yaks
  A wyvern (Lair:2)
  A ynoxinul (Gauntlet)
  Sigmund (D:3)
  Eustachio (D:4)
  A human (D:10)
  6 fire bats (Volcano)
  A hungry ghost (D:9)
  3 vampire mosquitoes (Lair:3)
  2 nagas (Lair:3)
  3 insubstantial wisps (Lair:3)
  8 wargs
  4 swamp worms (Gauntlet)
  15 porcupines
  Duvessa (D:5)
  A swamp drake (Lair:3)
  An acid dragon (D:9)
  9 water moccasins
  2 ice beasts
  53 orc warriors
  A hornet zombie (D:10)
  7 phantoms
  3 sky beasts
  10 black bears
  11 ogres
  6 necrophages (D:10)
  13 crocodiles
  4 wolves (Lair:2)
  10 centaurs
  4 big kobolds
  A gnoll sergeant (D:6)
  10 bullfrogs
  Dowan (D:5)
  4 scorpions
  16 killer bees
  3 wights (D:8)
  A howler monkey (D:8)
  5 electric eels
  10 crimson imps
  3 bullfrog zombies
  A quasit (D:6)
  3 centaur zombies
  5 lava snakes (Volcano)
  16 orc priests
  2 jellies
  A gnoll shaman (Orc:2)
  9 hounds
  4 bullfrog skeletons
  4 iron imps (Gauntlet)
  9 iguanas
  33 orc wizards
  11 worker ants
  3 hound zombies
  A worker ant zombie (D:10)
  18 gnolls
  13 adders
  2 river rats (Sewer)
  4 shadow imps
  2 white imps (Orc:2)
  3 oozes (Sewer)
  2 adder skeletons
  4 worms
  A dart slug (D:5)
  7 leopard geckos
  88 orcs
  4 ball pythons (Sewer)
  5 giant cockroaches
  10 hobgoblins
  12 jackals
  28 kobolds
  5 quokkas
  8 bats
  3 frilled lizards
  11 goblins
  A jackal skeleton (D:6)
  2 leopard gecko skeletons
  A quokka zombie (D:6)
  7 rats
  A fungus (Lair:3)
  A plant (Lair:2)
784 creatures vanquished.

Vanquished Creatures (others)
  A centaur (D:10)
  A bullfrog (D:10)
  An orc wizard (Orc:2)
  An orc (D:5)
  4 bushes (D:10)
  10 fungi
  40 plants
58 creatures vanquished.

Grand Total: 842 creatures vanquished

Notes
Turn   | Place    | Note
-------+----------+-------------------------------------------
     0 | D:1      | BlueFish the Troll Monk began the quest for the Orb.
     0 | D:1      | Reached XP level 1. HP: 22/22 MP: 0/0
   270 | D:1      | Reached XP level 2. HP: 25/29 MP: 1/1
   959 | D:2      | Noticed a bullfrog
   964 | D:2      | Killed a bullfrog
   964 | D:2      | Reached skill level 4 in Unarmed Combat
   964 | D:2      | Reached XP level 3. HP: 32/36 MP: 2/2
   964 | D:2      | Reached XP level 4. HP: 39/44 MP: 3/3
  1244 | D:2      | Reached XP level 5. HP: 50/53 MP: 4/4
  1365 | D:2      | Found a burning altar of Makhleb.
  1365 | D:2      | Found an ancient bone altar of Kikubaaqudgha.
  1484 | D:2      | Found a hazy altar of Hepliaklqana.
  1741 | D:3      | Noticed Sigmund
  1746 | D:3      | Killed Sigmund
  1746 | D:3      | Reached skill level 5 in Unarmed Combat
  1746 | D:3      | Reached XP level 6. HP: 46/61 MP: 5/5
  2131 | D:3      | Reached skill level 6 in Unarmed Combat
  2474 | D:4      | Reached XP level 7. HP: 66/67 MP: 6/6
  2531 | D:4      | Found a stormy altar of Qazlal.
  2590 | D:4      | Found Fuq Ydaz's Weapon Emporium.
  2790 | D:4      | Found a glowing golden altar of the Shining One.
  2819 | D:4      | Noticed Eustachio
  2835 | D:4      | Killed Eustachio
  2835 | D:4      | Reached skill level 7 in Unarmed Combat
  3073 | D:4      | Found a snail-covered altar of Cheibriados.
  3179 | D:5      | Entered Level 5 of the Dungeon
  3286 | D:5      | Reached XP level 8. HP: 60/78 MP: 7/7
  3290 | D:5      | Reached skill level 8 in Unarmed Combat
  3579 | D:5      | Found a staircase to the Ecumenical Temple.
  3588 | Temple   | Entered the Ecumenical Temple
  3659 | D:5      | Reached skill level 9 in Unarmed Combat
  3716 | D:5      | Noticed Duvessa
  3719 | D:5      | Noticed Dowan
  3727 | D:5      | Killed Duvessa
  3736 | D:5      | Killed Dowan
  3754 | D:5      | Reached XP level 9. HP: 16/85 MP: 8/8
  3890 | D:5      | Found a shimmering blue altar of Sif Muna.
  4012 | D:5      | Reached skill level 10 in Unarmed Combat
  4183 | D:5      | Got an ivory whip
  4299 | D:5      | Found a bloodstained altar of Trog.
  4313 | D:5      | Found a basalt altar of Yredelemnul.
  4316 | D:5      | Found an ornate altar of the Wu Jian Council.
  4320 | D:5      | Became a worshipper of the Wu Jian Council
  4320 | D:5      | Reached * piety under Wu Jian
  4320 | D:5      | Reached ** piety under Wu Jian
  4326 | D:5      | Found a blossoming altar of Fedhas.
  4838 | D:6      | Reached skill level 5 in Dodging
  4985 | D:6      | Reached skill level 11 in Unarmed Combat
  5058 | D:6      | Found a white marble altar of Elyvilon.
  5141 | D:6      | Found a glowing drain.
  5150 | D:6      | Reached *** piety under Wu Jian
  5165 | Sewer    | Entered a sewer
  5932 | D:6      | Found Hiuhymiger's Book Shoppe.
  6073 | D:7      | Reached skill level 5 in Fighting
  6101 | D:7      | Found a hide-covered altar of Uskayaw.
  6101 | D:7      | Found a shattered altar of Ashenzari.
  6167 | D:7      | Found a runed translucent gate.
  6167 | D:7      | Found a runed translucent gate.
  6167 | D:7      | Noticed wotkd0121004's ghost (novice OpEE)
  6169 | D:7      | Found a runed translucent gate.
  6177 | D:7      | Killed wotkd0121004's ghost
  6177 | D:7      | Reached XP level 10. HP: 87/96 MP: 9/9
  6507 | D:7      | Reached **** piety under Wu Jian
  6507 | D:7      | Reached skill level 12 in Unarmed Combat
  6810 | D:8      | Noticed a two-headed ogre
  6818 | D:8      | Killed a two-headed ogre
  7429 | D:8      | Found a glowing silver altar of Zin.
  7430 | D:8      | Noticed a two-headed ogre
  7440 | D:8      | Killed a two-headed ogre
  7440 | D:8      | Reached skill level 13 in Unarmed Combat
  7636 | D:8      | Found an iron altar of Okawaru.
  8091 | D:9      | Noticed a two-headed ogre
  8101 | D:9      | Killed a two-headed ogre
  8134 | D:9      | Noticed a two-headed ogre
  8137 | D:9      | Killed a two-headed ogre
  8137 | D:9      | Reached XP level 11. HP: 56/105 MP: 10/10
  8246 | D:9      | Reached ***** piety under Wu Jian
  8296 | D:9      | Reached skill level 14 in Unarmed Combat
  8363 | D:9      | Found a runed translucent gate.
  8363 | D:9      | Found a runed translucent gate.
  8364 | D:9      | Found a runed translucent gate.
  8368 | D:9      | Noticed Heh's ghost (novice OpVM)
  8427 | D:9      | Killed Heh's ghost
  8842 | D:10     | Entered Level 10 of the Dungeon
  8894 | D:10     | Noticed a two-headed ogre
  9054 | D:10     | HP: 4/105 [orc warrior/+0 halberd (5)]
  9269 | D:10     | Killed a two-headed ogre
  9269 | D:10     | Reached skill level 15 in Unarmed Combat
  9422 | D:10     | Found a blossoming altar of Fedhas.
  9507 | D:10     | Noticed an unseen horror
  9510 | D:10     | Found a staircase to the Lair.
  9522 | D:10     | Killed an unseen horror
  9778 | D:10     | Reached XP level 12. HP: 84/115 MP: 11/11
 10028 | D:10     | Reached ****** piety under Wu Jian
 10215 | D:11     | Found a staircase to the Orcish Mines.
 10247 | D:11     | Reached skill level 16 in Unarmed Combat
 10350 | D:11     | Noticed a six-headed hydra
 10359 | D:11     | Killed a six-headed hydra
 10521 | D:11     | Noticed a two-headed ogre
 10527 | D:11     | Killed a two-headed ogre
 10862 | Lair:1   | Entered Level 1 of the Lair of Beasts
 10983 | Lair:1   | Reached skill level 17 in Unarmed Combat
 11547 | Lair:2   | Noticed Maggie
 11554 | Lair:2   | Killed Maggie
 11600 | Lair:2   | Noticed Gastronok
 11614 | Lair:2   | Killed Gastronok
 11752 | Lair:2   | Reached XP level 13. HP: 121/123 MP: 12/12
 11795 | Lair:2   | Found the +5 demon whip "Spellbinder" {antimagic, MR+}
 12040 | Lair:2   | Reached skill level 18 in Unarmed Combat
 12081 | Lair:2   | Reached skill level 1 in Armour
 12307 | Lair:2   | Got a fine hand crossbow
 12528 | Lair:3   | Found a staircase to the Swamp.
 12642 | Lair:3   | Found a staircase to the Snake Pit.
 12762 | Lair:3   | Found a dark tunnel.
 12772 | Volcano  | Entered a volcano
 12939 | Volcano  | Noticed a red draconian
 12945 | Volcano  | Found a burning altar of Makhleb.
 13059 | Volcano  | Killed a red draconian
 14323 | Lair:3   | Upgraded the game from 0.25-a0-663-gace7076 to
                  | 0.25-a0-665-ga69d640
 14978 | Lair:4   | Reached skill level 19 in Unarmed Combat
 15452 | Lair:5   | Reached XP level 14. HP: 131/136 MP: 13/13
 15467 | Lair:5   | Found a gate leading to a gauntlet.
 15479 | Gauntlet | Entered a Gauntlet
 15479 | Gauntlet | Found a transporter.
 15494 | Gauntlet | Found a transporter.
 15509 | Gauntlet | Found a transporter.
 15514 | Gauntlet | Found a transporter.
 15529 | Gauntlet | Found a transporter.
 15548 | Gauntlet | Found a transporter.
 15560 | Gauntlet | Found a transporter.
 15572 | Gauntlet | Found a transporter.
 15584 | Gauntlet | Found a transporter.
 15596 | Gauntlet | Found a transporter.
 15613 | Gauntlet | Found a transporter.
 15630 | Gauntlet | Found a transporter.
 15632 | Gauntlet | Found a transporter.
 15657 | Gauntlet | Found a transporter.
 15659 | Gauntlet | Found a transporter.
 15661 | Gauntlet | Found a transporter.
 15710 | Gauntlet | Found a transporter.
 15712 | Gauntlet | Found a transporter.
 15900 | Gauntlet | Got a warped ivory amulet
 15904 | Gauntlet | Got a scorched rapier
 15959 | Gauntlet | Identified the Almanac of Enhancements
 16020 | Lair:5   | Identified the amulet of Warhe {Inacc Int+3} (You found it
                  | in a Gauntlet)
 16093 | Lair:5   | Got an ichor-stained arbalest
 16725 | Lair:6   | Entered Level 6 of the Lair of Beasts
 16991 | Lair:6   | Found a runed translucent door.
 17015 | Lair:6   | Found a viscous altar of Jiyva.
 17015 | Lair:6   | Found a staircase to the Slime Pits.
 17555 | Lair:6   | Reached skill level 20 in Unarmed Combat
 18295 | Orc:1    | Entered Level 1 of the Orcish Mines
 18353 | Orc:1    | Noticed an orc warlord
 18360 | Orc:1    | Killed an orc warlord
 18385 | Orc:1    | Noticed Fannar
 18386 | Orc:1    | HP: 2/140 [orc priest/divine providence (12)]
 18663 | Orc:1    | Noticed an orc warlord
 18792 | D:11     | Killed Fannar
 18792 | D:11     | Reached XP level 15. HP: 85/146 MP: 14/14
 18796 | D:11     | Killed an orc warlord
 19225 | Orc:1    | Found a roughly hewn altar of Beogh.
 19641 | Orc:2    | Entered Level 2 of the Orcish Mines
 19680 | Orc:2    | Reached skill level 21 in Unarmed Combat
 19990 | Orc:2    | Found a bloodstained altar of Trog.
 20031 | Orc:2    | Found a roughly hewn altar of Beogh.
 20066 | Orc:2    | Slain by an ettin

Levels and vault maps discovered:
D:1:      zelgadis_glass_arrival_large, layout_basic, minmay_close_crescents
D:2:      layout_loops_ring, lemuel_coloured_pillars_altar,
          gammafunk_temple_overflow_elements
D:3:      layout_basic, grunt_ministairs_7, kennysheep_generic_room_15,
          uniq_sigmund
D:4:      layout_loops_cross, grunt_qazlal_clouds, lemuel_doored_altar,
          first_ration, serial_shops, shop, tso_altar, uniq_eustachio
D:5:      layout_gridville, lemuel_blue_sif_altar,
          grunt_temple_overflow_cloverleaf, minmay_temple_entry_sparse_star,
          kennysheep_generic_room_7, uniq_duvessa
D:6:      minmay_razor_zed, layout_basic, elyvilon_altar_1,
          portal_sewer_entry_d, serial_shops, nicolae_shop_stone, st_stairs_10
D:7:      layout_loops_ring, gammafunk_temple_overflow_statue,
          ebering_ghost_rock_garden, minivault_10
D:8:      layout_layer_cave, lemuel_crystal_altar, okawaru_altar_gauntlet_db
D:9:      layout_loops_ring, gammafunk_ghost_split
D:10:     layout_loops_ring, minmay_lair_entry_grove, hangedman_stone_soup,
          minmay_misc_feat_hallway, fedhas_altar_decomposition
D:11:     layout_irregular_city, orc_0_dummy
Temple:   corrupted_temple
Lair:1:   layout_chaotic_city, infiniplex_staircase_pool
Lair:2:   layout_small_grid, minmay_lair_oklob_chamber, uniq_gastronok,
          uniq_maggie
Lair:3:   beast_lair_carwin_large_4, layout_long_grid, minmay_swamp_entry_eels,
          guppyfry_snake_entry_island, nicolae_volcano_entry_vermiform,
          chequers_serial_rivers_micro_b, pond
Lair:4:   layout_cave_pods
Lair:5:   layout_roguey, gauntlet_entry_generic, st_stairs_7
Lair:6:   evilmike_catoblepas_cave, layout_long_grid, slime_altar_2,
          chequers_serial_rivers_small_3
Orc:1:    cheibrodos_orc_arena, layout_caves, basic_altar, abandoned_shop,
          uniq_fannar
Orc:2:    st_orc_town, layout_caves, gammafunk_ghost_abyssal_escape,
          portal_ice_cave_entry_imps, trog_book

Skill      XL: |  1  2  3  4  5  6  7  8  9 10 11 12 13 14 15 |
---------------+----------------------------------------------+-----
Unarmed Combat | 4 5 6 7 9 11 13 15 17 19 20 21 | 21.2
Fighting       | 3 4 5 6 7 8 9 |  9.7
Dodging        | 3 4 5 6 7 |  7.2
Stealth        | 2 3 4 |  4.1
Armour         | 2 3 |  3.7
Evocations     | |  0.8

Action                   |  1- 3 |  4- 6 |  7- 9 | 10-12 | 13-15 || total
-------------------------+-------+-------+-------+-------+-------++-------
Melee: Unarmed           |    45 |   127 |   346 |   687 |  1113 ||  2318
       Punch             |     1 |     1 |    16 |    51 |   106 ||   175
Invok: Lunge             |       |       |    20 |    86 |    89 ||   195
       Whirlwind         |       |       |    12 |   163 |   385 ||   560
       Heavenly Storm    |       |       |       |       |     3 ||     3
 Abil: Wall Jump         |       |       |       |     5 |     9 ||    14
Evoke: Wand              |       |       |       |     8 |     9 ||    17
  Use: Scroll            |       |     3 |     4 |    18 |    10 ||    35
       Potion            |       |       |     1 |     3 |     3 ||     7
 Stab: Sleeping          |     2 |     3 |     4 |    10 |     6 ||    25
       Distracted        |       |       |       |     1 |     1 ||     2
       Petrifying        |       |       |       |       |     2 ||     2
  Eat: Chunk             |     7 |    21 |    35 |    56 |    77 ||   196
Armor: Robe              |    19 |    39 |   101 |    74 |       ||   233
       Acid dragon scale |       |       |       |     6 |   235 ||   241
Dodge: Dodged            |    19 |    70 |   185 |   238 |   332 ||   844
       Deflected         |       |     2 |     2 |     9 |    26 ||    39

Table legend:
 A = Non-vault XP
 B = Vault XP
 C = Vault XP percentage of total XP
 D = Non-vault monster count
 E = Vault monster count
 F = Vault count percentage of total count
                 A         B        C        D         E       F
            +---------+---------+-------+---------+---------+-------
      Total |   71883 |   48181 |  40.1 |     545 |     238 |  30.4
            +---------+---------+-------+---------+---------+-------
        D:1 |      25 |       6 |  19.4 |      16 |       4 |  20.0
        D:2 |     168 |       0 |   0.0 |      19 |       0 |   0.0
        D:3 |     189 |     223 |  54.1 |      20 |       4 |  16.7
        D:4 |     444 |     202 |  31.3 |      19 |       1 |   5.0
        D:5 |    1541 |     292 |  15.9 |      36 |       4 |  10.0
        D:6 |     991 |     551 |  35.7 |      29 |      14 |  32.6
        D:7 |     555 |     470 |  45.9 |      13 |       1 |   7.1
        D:8 |    2769 |      23 |   0.8 |      22 |       6 |  21.4
        D:9 |    4001 |    1721 |  30.1 |      31 |       8 |  20.5
       D:10 |    4973 |    3359 |  40.3 |      48 |      24 |  33.3
       D:11 |   11372 |    1247 |   9.9 |      58 |       4 |   6.5
     Lair:1 |    4253 |       0 |   0.0 |      22 |       0 |   0.0
     Lair:2 |    7327 |    4910 |  40.1 |      29 |       8 |  21.6
     Lair:3 |    5853 |    5034 |  46.2 |      12 |      27 |  69.2
     Lair:4 |     236 |       0 |   0.0 |       2 |       0 |   0.0
     Lair:5 |    4450 |       0 |   0.0 |      18 |       0 |   0.0
     Lair:6 |   13334 |   12685 |  48.8 |      48 |      24 |  33.3
      Orc:1 |    7095 |    1906 |  21.2 |      56 |      13 |  18.8
      Orc:2 |    2307 |    7054 |  75.4 |      47 |      43 |  47.8
      Sewer |       0 |     297 | 100.0 |       0 |      20 | 100.0
    Volcano |       0 |    4940 | 100.0 |       0 |      19 | 100.0
   Gauntlet |       0 |    3261 | 100.0 |       0 |      14 | 100.0
            +---------+---------+-------+---------+---------+-------
